 Dungeon Crawl Stone Soup version 0.30.0-17-ge0270778cf (webtiles) character file.

Game seed: 2869746339241564506

100 Sabo the Conjurer (level 4, -2/27 HPs)
             Began as an Octopode Conjurer on May 21, 2023.
             Was an Initiate of Ashenzari.
             Slain by an orc
             ... wielding a +0 trident
              (7 damage)
             ... on level 3 of the Dungeon.
             The game lasted 00:13:40 (2206 turns).

Sabo the Conjurer (Octopode Conjurer)               Turns: 2206, Time: 00:13:40

Health: -2/27      AC:  1    Str:  6    XL:     4   Next: 74%
Magic:  1/7        EV: 13    Int: 22    God:    Ashenzari [......]
Gold:   121        SH:  0    Dex: 10    Spells: 7/8 levels left

rFire   . . .        j - +0 long sword
rCold   . . .        c - orb {light}
rNeg    . . .        (helmet restricted)
rPois   .            (no amulet)
rElec   .            (no ring)
rCorr   .            (no ring)
SInv    .            (no ring)
Will    .....        (no ring)
Stlth   ++           (no ring)
HPRegen 0.24/turn    (no ring)
MPRegen 0.10/turn    (no ring)
                     (no ring)

%: no passive effects
@: glowing
A: almost no armour, amphibious, 8 rings, camouflage 1, gelatinous body 1,
(nimble swimmer 1), tentacles
a: Renounce Religion


You were on level 3 of the Dungeon.
You worshipped Ashenzari.
Ashenzari was noncommittal.
You visited 1 branch of the dungeon, and saw 3 of its levels.

You collected 121 gold pieces.

Inventory:

Hand Weapons
 j - a +0 long sword (weapon)
Missiles
 b - 6 poisoned darts
 e - 4 boomerangs
 i - 2 atropa-tipped darts
Armour
 c - an orb of light (worn)
Scrolls
 f - a scroll of teleportation
Potions
 a - a potion of magic
 g - 3 potions of curing
 h - a potion of flight {unknown}
 k - a potion of degeneration {unknown}


   Skills:
 + Level 0.3 Long Blades
 + Level 2.2 Dodging
 + Level 3.5 Stealth
 + Level 2.6 Spellcasting
 + Level 5.2 Conjurations


You had 7 spell levels left.
You knew the following spells:

 Your Spells              Type           Power      Damage    Failure   Level
a - Magic Dart            Conj           100%       1d8       1%          1

Your spell library contained the following spells:

 Spells                   Type           Power      Damage    Failure   Level
 Searing Ray              Conj           50%        2d6       2%          2
 Dazzling Flash           Conj/Hex       28%        N/A       13%         3
 Cigotuvi's Dreadful Rot  Necr/Pois/Air  4%         N/A       21%         2
 Fulminant Prism          Conj/Hex       7%         3d7       41%         4
 Iskenderun's Mystic Bla  Conj/Tloc      14%        2d5       41%         4
 Dispel Undead            Necr           2%         3d7       78%         4
 Death Channel            Necr           1%         N/A       100%        6


Dungeon Overview and Level Annotations

Branches:
Dungeon (3/15)

Altars:
Ashenzari


Innate Abilities, Weirdness & Mutations

You cannot wear most types of armour.
You are amphibious.
You can wear up to eight rings at the same time.
Your skin changes colour to match your surroundings (Stealth+).
Your rubbery body absorbs attacks. (AC +1, EV +1)
((You are camouflaged when in or above water. (Stealth+)))
You have tentacles for arms and can constrict up to eight enemies at once.


Message History

The orc priest casts a cantrip, but nothing happens.
You hit the orc priest but do no damage.
The orc priest is almost dead.
You constrict the orc priest.
You kill the orc priest!
Your Conjurations skill increases to level 5!
You have reached level 4!
You feel much better.
You hit the orc. You grab the orc. You squeeze the orc.
You kill the orc!
The orc wizard misses you.
You hit the orc wizard. You grab the orc wizard.
The orc wizard is heavily wounded.
You constrict the orc wizard.
The orc wizard hits you but does no damage.
You hit the orc wizard.
The orc wizard is almost dead.
You constrict the orc wizard, but do no damage.
The frilled lizard unfolds its giant frill.
The orc wizard hits you with a +0 dagger.
The orc wizard mumbles some strange words.
The orc wizard flickers and vanishes for a moment.
The orc wizard points at you and mumbles some strange words.
The puff of flame hits you!
You hit the orc wizard.
You kill the orc wizard!
You closely miss the frilled lizard. You grab the frilled lizard.
You constrict the frilled lizard.
You kill the frilled lizard!
The orc hits you from afar with a +0 trident.
Items here: ))) [[[ ††.
You completely miss the orc wizard. You grab the orc wizard.
You constrict the orc wizard, but do no damage.
The orc wizard hits you with a +0 dagger.
* * * LOW HITPOINT WARNING * * *
The orc closely misses you.
The orc wizard hits you with a +0 dagger.
* * * LOW HITPOINT WARNING * * *
The orc hits you from afar with a +0 trident!
You die...

# #.# l# #.# ##
.. #.# .#.# #.#
#.######o..####
### #.#
#.#...@oo....$.
###.###.#
#.#.####....###
.....##.###.#.#
#.#....
#..<........#.#
......
#.#.###.###.#.#
#$# . #.#.# #<#
#.#.# .# #.#.#
#.# #...# #
#.#.# #.#
#.#.## #.#.#
#.##.###.##


You could see an orc wizard (invisible) and 2 orcs.

Vanquished Creatures
  An orc priest (D:3)
  An orc wizard (D:3)
  An adder (D:2)
  A dart slug (D:2)
  An orc (D:3)
  2 ball pythons (D:1)
  2 endoplasms
  2 giant cockroaches
  4 goblins
  3 hobgoblins
  6 kobolds
  A quokka (D:2)
  3 bats (D:1)
  2 frilled lizards
  4 rats
34 creatures vanquished.

Notes
Turn   | Place    | Note
-------+----------+-------------------------------------------
     0 | D:1      | Sabo the Octopode Conjurer began the quest for the Orb.
     0 | D:1      | Reached XP level 1. HP: 11/11 MP: 3/3
   257 | D:1      | Reached XP level 2. HP: 17/17 MP: 1/5
  1106 | D:2      | Reached XP level 3. HP: 21/21 MP: 3/6
  1161 | D:2      | Found a faded altar of an unknown god.
  1451 | D:2      | Found a broken altar of Ashenzari.
  2031 | D:2      | Became a worshipper of Ashenzari the Shackled
  2199 | D:3      | Reached skill level 5 in Conjurations
  2199 | D:3      | Reached XP level 4. HP: 5/27 MP: 0/7
  2206 | D:3      | Slain by an orc

Illustrated notes

Levels and vault maps discovered:
D:1:      dpeg_arrival_tiny_e, layout_basic, glass_columns_c
D:2:      layout_loops_corners, hellmonk_ecumenical_altar_arch_garden,
          basic_altar
D:3:      layout_loops_ring, kennysheep_another_room, uniq_ijyb, uniq_sigmund

Skill      XL: |  1  2  3 |
---------------+----------+-----
Stealth        | 3 |  3.5
Conjurations   | 5 |  5.2
Long Blades    | |  0.3
Dodging        | |  2.2
Spellcasting   | |  2.6

Action                     |  1- 3 |  4- 6 || total
---------------------------+-------+-------++-------
  Melee: Unarmed           |     5 |       ||     5
         Constrict         |     7 |     4 ||    11
         Short sword       |     9 |       ||     9
         Tentacles         |     6 |     1 ||     7
         Punch             |     1 |       ||     1
         Long sword        |     4 |     6 ||    10
   Cast: Magic Dart        |    53 |       ||    53
    Use: Scroll            |     4 |       ||     4
         Potion            |       |     1 ||     1
   Stab: Sleeping          |     1 |       ||     1
 Armour: Skin              |     2 |     1 ||     3
  Dodge: Dodged            |    18 |     2 ||    20
